 Dungeon Crawl Stone Soup version 0.28-a0-1130-gc51a68064b (webtiles) character file.

Game seed: 5505479592083647875

174 pokeman the Magician (level 5, -5/29 HPs)
             Began as a Deep Elf Hedge Wizard on Dec 12, 2021.
             Slain by an orc (7 damage)
             ... on level 3 of the Dungeon.
             The game lasted 00:06:18 (2921 turns).

pokeman the Magician (Deep Elf Hedge Wizard)        Turns: 2921, Time: 00:06:19

Health: -5/29      AC:  2    Str:  7    XL:     5   Next: 28%
Magic:  1/15       EV: 13    Int: 21    God:
Gold:   50         SH:  0    Dex: 14    Spells: 1/16 levels left

rFire   . . .      SeeInvis .   a - +0 dagger
rCold   . . .      Faith    .   (no shield)
rNeg    . . .      Spirit   .   b - +0 robe
rPois   .          Reflect  .   c - +0 hat
rElec   .          Harm     .   (no cloak)
rCorr   .          Rampage  .   (no gloves)
Will    .....                   (no boots)
Stlth   ++........              (no amulet)
HPRegen 0.09/turn               f - ring of flight
MPRegen 0.14/turn               (no ring)

@: flying
A: no striking features
a: no special abilities


You were on level 3 of the Dungeon.
You visited 1 branch of the dungeon, and saw 3 of its levels.

You collected 50 gold pieces.

Inventory:

Hand Weapons
 a - a +0 dagger (weapon)
Missiles
 q - 17 arrows
Armour
 b - a +0 robe (worn)
 c - a +0 hat (worn)
 l - a +0 buckler
Jewellery
 f - a ring of flight (left hand)
 p - a +4 ring of protection
Scrolls
 e - a scroll of vulnerability {unknown}
 g - 2 scrolls of identify {unknown}
 h - 2 scrolls of amnesia {unknown}
 i - 3 scrolls of teleportation {unknown}
 n - a scroll of summoning {unknown}
Potions
 d - a potion of heal wounds {unknown}
 j - 2 potions of brilliance {unknown}
 k - a potion of haste {unknown}
 m - 2 potions of ambrosia {unknown}
 o - 2 potions of curing {unknown}


   Skills:
 - Level 1.0 Fighting
 - Level 1.0 Armour
 - Level 3.0 Dodging
 - Level 2.4 Stealth
 + Level 0.1 Shields
 * Level 6.2 Spellcasting
 + Level 2.7 Conjurations
 - Level 1.1 Summonings
 - Level 1.1 Translocations
 - Level 1.0 Fire Magic
 + Level 0.7 Air Magic


You had one spell level left.
You knew the following spells:

 Your Spells              Type           Power      Damage    Failure   Level
a - Magic Dart            Conj           72%        1d6       3%          1
b - Mephitic Cloud        Conj/Pois/Air  11%        N/A       19%         3
c - Call Imp              Summ           11%        N/A       10%         2
d - Blink                 Tloc           22%        N/A       10%         2
e - Conjure Flame         Conj/Fire      14%        6-21      13%         3
f - Flame Wave            Conj/Fire      14%        2d5       41%         4

Your spell library contained the following spells:

 Spells                   Type           Power      Damage    Failure   Level
 Summon Small Mammal      Summ           44%        N/A       6%          1
 Slow                     Hex            24%        N/A       10%         1
 Scorch                   Fire           20%        2d6       10%         2
 Call Canine Familiar     Summ           11%        N/A       19%         3
 Summon Guardian Golem    Hex/Summ       8%         N/A       22%         3
 Ozocubu's Armour         Ice            6%         N/A       28%         3
 Metabolic Englaciation   Hex/Ice        3%         N/A       95%         5
 Simulacrum               Ice/Necr       3%         N/A       100%        6
 Summon Cactus Giant      Summ           5%         N/A       100%        6


Dungeon Overview and Level Annotations

Branches:
Dungeon (3/15)

Altars:
Sif Muna


Message History

The orc barely misses you.
Casting: Magic Dart (safe; 3% risk of failure)
Confirm with . or Enter, or press ? or * to list all spells.
Aiming: Magic Dart (safe; 3% risk of failure)
Press: ? - help, Shift-Dir - straight line, f/p - orc
Aim: an orc, wielding a +0 flail and wearing a +0 chain mail (severely wounded, 100% to hit)
The magic dart hits the orc but does no damage.
The orc is severely wounded.
The orc closely misses you.
You hit the orc but do no damage.
The orc is severely wounded.
The orc hits you with a +0 flail.
You hit the orc but do no damage.
The orc is severely wounded.
The orc hits you with a +0 flail.
You hit the orc but do no damage.
The orc is severely wounded.
The orc hits you with a +0 flail.
You barely miss the orc.
The orc is severely wounded.
The orc closely misses you.
You barely miss the orc.
The orc is severely wounded.
The orc barely misses you.
Casting: Magic Dart (safe; 3% risk of failure)
Confirm with . or Enter, or press ? or * to list all spells.
Aiming: Magic Dart (safe; 3% risk of failure)
Press: ? - help, Shift-Dir - straight line, f/p - orc
Aim: an orc, wielding a +0 flail and wearing a +0 chain mail (severely wounded, 100% to hit)
The magic dart hits the orc but does no damage.
The orc is severely wounded.
The orc hits you with a +0 flail!
* * * LOW HITPOINT WARNING * * *
The orc hits you but does no damage.
An orc wizard comes into view. It is wielding a +0 dagger.
The orc hits you with a +0 flail.
* * * LOW HITPOINT WARNING * * *
There is a stone staircase leading up here.
The orc hits you with a +0 flail!
You die...

##### ####...#
#....#.#
#.####.##...##
..)).)†.@....####
.####..o.#.....#
#.##....##.
#..#.##.##.
####.#####..........
.............#......
#
.########.#..........
##
.....................
..
.########.....#...##.
##


You could see an orc.

Vanquished Creatures
  Terence (D:2)
  6 adders
  2 gnolls (D:2)
  2 worms (D:2)
  A dart slug (D:2)
  3 orcs (D:3)
  5 bats
  3 endoplasms
  2 giant cockroaches
  4 hobgoblins
  3 kobolds
  A quokka (D:1)
  6 ball pythons
  4 frilled lizards
  10 goblins
  8 rats
61 creatures vanquished.

Vanquished Creatures (collateral kills)
  A gnoll (D:2)
1 creature vanquished.

Grand Total: 62 creatures vanquished

Notes
Turn   | Place    | Note
-------+----------+-------------------------------------------
     0 | D:1      | pokeman the Deep Elf Hedge Wizard began the quest for the
                  | Orb.
     0 | D:1      | Reached XP level 1. HP: 10/10 MP: 7/7
   304 | D:1      | Reached XP level 2. HP: 15/15 MP: 6/9
  1037 | D:2      | Reached skill level 5 in Spellcasting
  1037 | D:2      | Reached XP level 3. HP: 20/20 MP: 5/11
  1041 | D:2      | Learned a level 3 spell: Mephitic Cloud
  1044 | D:2      | Learned a level 2 spell: Call Imp
  1047 | D:2      | Learned a level 2 spell: Blink
  1051 | D:2      | Learned a level 3 spell: Conjure Flame
  1217 | D:2      | Reached skill level 1 in Fighting
  1217 | D:2      | Reached skill level 1 in Armour
  1414 | D:2      | Reached XP level 4. HP: 25/25 MP: 2/13
  1522 | D:2      | Found a shimmering blue altar of Sif Muna.
  1742 | D:2      | Reached skill level 1 in Fire Magic
  1802 | D:2      | Noticed Terence
  1824 | D:2      | Killed Terence
  2081 | D:2      | Reached skill level 6 in Spellcasting
  2185 | D:2      | Reached XP level 5. HP: 29/29 MP: 6/15
  2730 | D:3      | Learned a level 4 spell: Flame Wave
  2921 | D:3      | Slain by an orc

Illustrated notes

Levels and vault maps discovered:
D:1:      dpeg_arrival_tiny_g, layout_rooms, serial_aquarium,
          aquarium_bridge_long_separate [aquarium_subvault_bridge,
          aquarium_subvault_bridge, aquarium_subvault_bridge,
          aquarium_subvault_bridge, aquarium_subvault_bridge,
          aquarium_subvault_window], aquarium_bridge_straight
          [aquarium_subvault_bridge, aquarium_subvault_wall,
          aquarium_subvault_bridge, aquarium_subvault_balcony],
          aquarium_window_1, aquarium_window_3, aquarium_window_2,
          aquarium_window_1, aquarium_view_2d, aquarium_view_2c
D:2:      layout_basic, basic_altar, kennysheep_generic_room_3, uniq_terence
D:3:      layout_basic, nrook_mini_vaults

Skill      XL: |  1  2  3  4 |
---------------+-------------+-----
Spellcasting   | 5 6 |  6.2
Fighting       | 1 |  1.0
Armour         | 1 |  1.0
Conjurations   | 2 |  2.7
Fire Magic     | 1 |  1.0
Dodging        | 3 |  3.0
Stealth        | |  2.4
Shields        | |  0.1
Summonings     | |  1.1
Translocations | |  1.1
Air Magic      | |  0.7

Action                   |  1- 3 |  4- 6 || total
-------------------------+-------+-------++-------
Melee: Dagger            |     2 |    15 ||    17
 Cast: Magic Dart        |    85 |    84 ||   169
       Conjure Flame     |       |     2 ||     2
       Mephitic Cloud    |       |     1 ||     1
       Call Imp          |       |     1 ||     1
Armor: Robe              |     5 |     4 ||     9
Dodge: Dodged            |    10 |    19 ||    29

Table legend: (Time is in decaauts)
 A = Elapsed time spent in this place.
 B = Non-inter-level travel time spent in this place.
 C = Inter-level travel time spent in this place.
 D = Time resting spent in this place.
 E = Time spent auto-exploring this place.
 F = Levels seen in this place.
 G = Mean time per level.
                   A        B        C        D        E       F      G
               +--------+--------+--------+--------+--------+-----+--------+
         Total |   2919 |   2880 |     39 |     56 |   2466 |   3 |  973.0 |
       Dungeon |   2919 |   2880 |     39 |     56 |   2466 |   3 |  973.0 |
               +--------+--------+--------+--------+--------+-----+--------+

Top non-repeatable levels by time:
     D:2: 1479 daAuts
     D:1: 961 daAuts
     D:3: 478 daAuts
